Map: Nightscape LE

Players

Frichkäse - Winner!

  • Race: Terran Terran
  • League: Platinum
  • Spawn Location: 1:00

SaulGodmann - Winner!

  • Race: Zerg Zerg
  • League: Diamond
  • Spawn Location: 1:00

Massa

  • Race: Terran Terran
  • League: Platinum
  • Spawn Location: 7:00

qqq

  • Race: Protoss Protoss
  • League: Platinum
  • Spawn Location: 7:00

VOD

Have the link to the VOD?

Description

Time

  • Played on: Dec. 13, 2020, 12:58 p.m.
  • Length: 13:42
Show
View Real Time Build Order
Export as new Build Order

Frichkäse Terran - Winner!

Build Orders: 2 Factory, Reaper Expand 

Get SALT Encoding   

  12  0:00  SCV  
  13  0:12  SCV  
  14  0:18  Supply Depot  
  14  0:24  SCV  
  15  0:40  SCV  
  15  0:41  Barracks  
  16  0:44  Refinery  
  16  0:52  SCV  
  17  1:04  SCV  
  18  1:16  SCV  
  19  1:36  Orbital Command  
  19  1:37  Reaper  
  20  1:44  Command Center  
  20  1:53  Supply Depot  
  20  2:04  SCV  
  20  2:05  Factory  
  21  2:16  SCV  
  21  2:18  Bunker  
  22  2:23  Marine  
  22  2:29  Refinery, SCV  
  24  2:41  SCV, Marine  
  26  2:51  Factory Tech Lab  
  26  2:53  SCV  
  26  2:54  Factory  
  27  3:01  Orbital Command  
  27  3:05  SCV  
  28  3:06  Marine  
  29  3:17  SCV  
  30  3:24  Siege Tank  
  33  3:29  SCV  
  33  3:31  SCV  
  35  3:36  Barracks  
  35  3:41  SCV  
  35  3:44  SCV  
  35  3:47  Refinery, Factory Tech Lab  
  37  3:53  SCV, Supply Depot  
  38  3:56  SCV  
  39  4:06  SCV, Bunker  
  39  4:08  SCV  
  41  4:10  Siege Tank  
  41  4:16  Siege Tank  
  47  4:18  SCV  
  47  4:20  SCV  
  47  4:21  Refinery  
  49  4:30  SCV  
  49  4:31  Engineering Bay, Supply Depot  
  50  4:33  SCV  
  50  4:35  Marine x2  
  53  4:42  SCV  
  54  4:50  Supply Depot  
  54  4:51  SCV, Siege Tank  
  58  4:54  SCV  
  59  5:03  SCV  
  59  5:04  Siege Tank  
  63  5:07  Marine  
  63  5:09  Barracks Tech Lab  
  63  5:13  SCV  
  65  5:14  Starport  
  65  5:15  SCV  
  65  5:18  Engineering Bay  
  66  5:24  Siege Tank  
  66  5:25  SCV  
  66  5:27  SCV  
  71  5:29  Stimpack  
  71  5:32  Barracks Reactor, Marauder  
  73  5:38  SCV  
  73  5:39  SCV  
  75  5:43  Terran Infantry Armor Level 1  
  75  5:50  SCV  
  75  5:51  SCV  
  77  5:57  Marine  
  78  6:08  SCV  
  78  6:17  SCV  
  78  6:25  SCV, Starport Reactor, Marine, Siege Tank x2  
  78  6:28  Supply Depot x2  
  78  6:29  Supply Depot  
  86  6:46  Marauder  
  86  6:49  SCV x2, Marine  
  81  7:01  SCV x2  
  81  7:02  Starport, Terran Infantry Weapons Level 1  
  81  7:03  Cyclone  
  81  7:04  Starport, Mag-Field Accelerator  
  81  7:06  Marine  
  84  7:13  SCV x2  
  79  7:17  Command Center  
  79  7:19  Command Center  
  79  7:20  Marine x2  
  79  7:21  Combat Shield  
  78  7:23  Cyclone  
  78  7:25  SCV x2  
  83  7:36  Missile Turret  
  83  7:37  Refinery  
  83  7:38  SCV x2, Cyclone  
  83  7:40  Refinery, Starport Reactor  
  88  7:46  Starport Reactor  
  88  7:50  SCV x2  
  90  7:52  Marine x2  
  90  7:54  Marine  
  90  7:56  Cyclone  
  96  8:00  Barracks  
  96  8:02  SCV  
  96  8:04  SCV  
  98  8:10  Armory  
  98  8:12  Cyclone  
  101  8:14  Marine x3  
  104  8:20  SCV  
  104  8:22  Barracks  
  104  8:31  Cyclone, Viking  
  104  8:32  Viking  
  104  8:33  Viking  
  100  8:54  SCV x2, Orbital Command  
  98  8:59  Command Center  
  98  9:00  Viking x2  
  98  9:01  Terran Infantry Weapons Level 2  
  102  9:06  Barracks Reactor  
  102  9:07  Marine x2  
  102  9:08  Marine  
  97  9:29  SCV  
  97  9:30  SCV  
  96  9:34  Barracks Reactor, Cyclone x2  
  96  9:35  Marine x2  
  96  9:36  Marauder  
  96  9:37  Concussive Shells  
  106  9:39  Terran Infantry Armor Level 2  
  106  9:41  SCV  
  106  9:42  SCV  
  108  9:54  SCV  
  108  9:58  Terran Vehicle And Ship Armor Level 1, Viking  
  113  10:06  Cyclone x2, Marine  
  113  10:07  Marine x3  
  118  10:08  Marine  
  118  10:11  Marine x2  
  124  10:24  Marine x2  
  124  10:27  Viking x2  
  130  10:28  Refinery  
  130  10:29  Marine x2  
  130  10:31  Refinery  
  130  10:34  Missile Turret x2  
  132  10:37  Planetary Fortress, Missile Turret  
  132  10:38  Siege Tank  
  132  10:40  Siege Tank  
  132  10:42  Marine x2  
  140  10:56  Missile Turret  
  140  11:04  Supply Depot x2  
  140  11:06  Supply Depot  
  140  11:08  Supply Depot x2  
  140  11:11  Supply Depot  
  140  11:26  SCV x4, Medivac x4, Siege Tank  
  140  11:27  Siege Tank  
  158  11:37  Supply Depot  
  158  11:38  SCV x3, Supply Depot  
  158  11:39  Supply Depot  
  161  11:41  Marauder, Marine x4, Supply Depot  
  161  11:43  Viking x2  
  161  11:45  Command Center  
  171  11:50  Armory  
  171  11:51  Armory  
  171  11:52  SCV  
  171  11:53  SCV x2  
  174  11:59  Marine  
  174  12:00  Marine x3  
  174  12:01  Marine x2  
  179  12:02  Siege Tank x2  
  179  12:03  Marauder  
  188  12:17  Marine  
  188  12:19  Barracks  
  188  12:21  Barracks  
  188  12:22  Barracks, Liberator  
  195  12:24  Marauder  
  195  12:25  Barracks  
  194  12:30  Medivac  
  194  12:32  Marine x3  
  194  12:33  Marine  
  200  13:02  Orbital Command  
  200  13:04  Refinery x2  
  200  13:09  Missile Turret x2  
  200  13:11  Missile Turret  
  200  13:13  Missile Turret  
  188  13:30  Missile Turret  
  188  13:33  Missile Turret  
  163  13:40  Barracks Reactor  
  162  13:41  Barracks Reactor  
Show
View Real Time Build Order
Export as new Build Order

SaulGodmann Zerg - Winner!

Build Orders: Hatch First 

Get SALT Encoding   

  12  0:01  Drone  
  13  0:13  Overlord  
  13  0:16  Drone  
  14  0:32  Drone x2  
  14  0:34  Drone  
  17  0:59  Drone, Hatchery  
  17  1:03  Drone  
  18  1:09  Drone  
  19  1:19  Spawning Pool  
  19  1:23  Drone  
  19  1:28  Drone  
  20  1:33  Extractor  
  19  1:40  Drone  
  20  2:01  Drone x2  
  22  2:11  Queen  
  24  2:24  Extractor, Roach Warren  
  22  2:42  Overlord  
  22  2:50  Overlord  
  22  2:56  Hatchery  
  21  3:02  Overlord  
  21  3:06  Roach x2  
  25  3:15  Roach  
  27  3:22  Roach x3  
  33  3:29  Roach  
  35  3:40  Roach  
  37  3:51  Roach  
  39  3:57  Roach  
  39  3:58  Roach x2  
  46  4:20  Overlord  
  46  4:39  Ravager x2  
  46  4:43  Overlord  
  48  4:47  Hatchery  
  48  4:49  Roach x2  
  51  5:10  Roach x2  
  55  5:23  Roach x3  
  53  5:45  Roach x3  
  48  6:01  Roach x2  
  45  6:07  Roach  
  45  6:11  Roach  
  45  6:19  Overlord  
  45  6:27  Ravager  
  45  6:28  Ravager x4  
  45  6:30  Roach x2  
  54  6:34  Drone  
  55  7:00  Drone x3  
  55  7:01  Drone, Lair  
  47  7:02  Drone x2  
  47  7:03  Drone  
  45  7:21  Drone  
  45  7:22  Drone  
  43  7:23  Drone x2, Queen  
  43  7:25  Drone  
  43  7:28  Drone  
  45  7:35  Drone  
  38  7:37  Drone  
  39  7:46  Spore Crawler  
  39  7:48  Spore Crawler  
  37  7:51  Drone  
  38  7:59  Queen  
  38  8:01  Extractor x2  
  38  8:03  Drone  
  39  8:06  Spire  
  39  8:10  Drone  
  39  8:13  Drone, Spore Crawler x2  
  38  8:59  Drone x2  
  38  9:02  Overlord  
  40  9:03  Drone x3  
  40  9:04  Drone x3  
  40  9:09  Drone  
  47  9:19  Mutalisk x2  
  47  9:20  Mutalisk x4  
  47  9:22  Hatchery  
  58  9:28  Zerg Flyer Armor Level 1  
  58  9:41  Mutalisk x2  
  62  9:48  Mutalisk  
  62  9:52  Drone x3  
  67  10:01  Mutalisk  
  69  10:12  Extractor  
  69  10:14  Extractor, Mutalisk x2  
  71  10:30  Drone  
  71  10:31  Overlord x3  
  72  10:38  Mutalisk x2  
  76  10:48  Drone x2  
  78  10:56  Mutalisk x3  
  80  10:58  Drone x3  
  80  11:02  Overlord x2  
  87  11:06  Drone x2  
  87  11:07  Drone  
  90  11:16  Drone x3  
  93  11:19  Drone  
  94  11:33  Mutalisk x5  
  104  11:40  Pneumatized Carapace  
  104  11:42  Overseer  
  104  11:43  Drone  
  105  11:54  Overlord  
  105  11:57  Drone  
  106  12:08  Hatchery  
  105  12:21  Drone  
  106  12:24  Overlord x2  
  106  12:26  Drone x2  
  108  12:31  Infestation Pit  
  108  12:34  Evolution Chamber x2, Baneling Nest  
  104  12:57  Mutalisk  
  104  12:58  Mutalisk, Corruptor x4  
  106  12:59  Corruptor x3  
  118  13:10  Corruptor x3  
  120  13:24  Drone  
  120  13:25  Drone x2  
  123  13:27  Extractor  
  123  13:28  Drone x2  
  123  13:29  Extractor  
Show
View Real Time Build Order
Export as new Build Order

Massa Terran 

Build Orders: Command Center First (CC) 

Get SALT Encoding   

  12  0:02  SCV  
  13  0:14  SCV  
  14  0:26  SCV  
  15  0:47  Command Center  
  15  0:52  Supply Depot  
  15  1:08  Refinery  
  15  1:13  SCV  
  17  1:25  SCV  
  17  1:30  Barracks  
  17  1:37  SCV  
  18  1:49  SCV, Supply Depot  
  19  2:02  SCV  
  19  2:03  SCV  
  21  2:14  SCV  
  22  2:17  Orbital Command  
  22  2:25  Supply Depot  
  22  2:27  Reaper  
  22  2:29  Orbital Command  
  23  2:43  SCV  
  24  2:55  SCV  
  25  2:58  Command Center  
  25  3:21  Barracks Tech Lab, Barracks  
  25  3:25  Factory  
  25  3:30  Barracks  
  25  3:35  Supply Depot  
  25  3:41  SCV x2  
  27  3:46  Engineering Bay  
  27  3:49  Refinery  
  27  3:53  SCV x2, Marauder  
  27  3:54  Stimpack  
  31  4:02  Barracks  
  31  4:05  SCV  
  31  4:08  Barracks Reactor  
  31  4:09  Factory Tech Lab  
  32  4:16  SCV  
  34  4:17  SCV  
  34  4:18  Orbital Command  
  33  4:32  Marauder, Marine  
  36  4:45  Widow Mine  
  36  4:46  SCV  
  36  4:47  SCV x2  
  36  4:50  Marine  
  40  4:54  Marauder  
  40  4:59  SCV  
  42  5:06  Widow Mine  
  43  5:08  Marine  
  43  5:13  Marine x2  
  43  5:15  Marauder, Marine  
  44  5:25  Marine  
  44  5:28  Widow Mine  
  44  5:30  Marine  
  44  5:31  Marine  
  44  5:33  Marine  
  42  5:36  Marine  
  42  5:39  SCV x3  
  34  5:43  Marine  
  34  5:48  Marine x2  
  23  5:50  Marine  
  23  5:51  SCV x3  
  23  5:54  Marauder  
  23  6:03  SCV  
  21  6:08  Marine  
  22  6:12  Factory Tech Lab  
  22  6:16  Marauder  
  21  6:33  Marine x2  
  21  6:34  Marine x2  
  21  6:37  SCV x2, Marauder  
  21  6:38  SCV  
  28  6:49  SCV  
  28  6:51  Marine, Siege Tank  
  26  7:04  Marine x3  
  21  7:09  Marine  
  21  7:10  SCV x2  
  23  7:22  Marine x2  
  23  7:24  Widow Mine  
  23  7:25  Barracks  
  25  7:33  Marine x2  
  27  7:38  SCV x3  
  27  7:39  Marine  
  27  7:41  Marine  
  32  7:50  SCV x3  
  32  7:51  Marine x2  
  35  7:57  Marine  
  38  7:58  Marine  
  38  8:02  SCV x3  
  42  8:09  Engineering Bay, Marine x2  
  44  8:16  Marauder, Marine  
  44  8:17  Marine  
  48  8:38  Marauder  
  34  8:55  Marine  
  34  8:56  Marine x3  
  34  8:59  Marauder  
  40  9:13  Marine  
  40  9:14  Marine  
  35  9:19  Marine x2  
  35  9:21  Marauder, Siege Tank  
  35  9:22  SCV x3  
  45  9:28  Combat Shield  
  45  9:31  Marine  
  45  9:32  Marine, Terran Infantry Weapons Level 1  
  45  9:34  SCV  
  45  9:37  Armory  
  48  9:38  Missile Turret  
  48  9:42  Marauder  
  48  9:44  Refinery  
  50  9:45  SCV  
  50  9:46  Refinery, SCV x2  
  53  9:54  Barracks Reactor, Barracks Tech Lab  
  53  9:58  SCV x2  
  55  10:00  Marine x2  
  55  10:03  SCV, Marauder  
  60  10:10  SCV  
  60  10:13  Starport, SCV  
  60  10:15  SCV  
  60  10:16  Supply Depot  
  60  10:18  Marine  
  57  10:22  SCV  
  57  10:25  Marauder  
  57  10:26  Marine  
  61  10:35  Supply Depot  
  61  10:36  Orbital Command, Supply Depot  
  61  10:37  SCV x2, Marine x2  
  65  10:44  Marine  
  65  10:46  Marine  
  65  10:47  Concussive Shells  
  65  10:49  Widow Mine  
  69  10:51  Drilling Claws  
  69  10:57  SCV, Marine, Medivac  
  69  11:02  Missile Turret  
  73  11:10  Widow Mine, SCV x3, Missile Turret  
  78  11:22  SCV x2  
  80  11:40  Sensor Tower  
  80  11:42  Marine x2, Missile Turret  
  80  11:43  Marauder, Marine  
  85  11:55  Supply Depot  
  85  11:57  Supply Depot  
  85  12:10  Missile Turret  
  85  12:12  Sensor Tower  
  85  12:16  Marine x2  
  85  12:17  SCV x2, Marauder x2  
  85  12:18  SCV  
  85  12:19  Widow Mine, Supply Depot  
  85  12:21  Supply Depot  
  85  12:22  Starport Reactor  
  96  12:29  SCV  
  97  12:38  Marauder  
  99  12:45  Supply Depot  
  88  13:12  Command Center  
  88  13:15  Missile Turret x2  
  91  13:20  Marine  
  91  13:21  Marauder x2, Marine x3  
  73  13:36  Missile Turret  
  73  13:38  Missile Turret  
Show
View Real Time Build Order
Export as new Build Order

qqq Protoss 

Build Orders: Cannon Rush 

Get SALT Encoding   

  12  0:00  Probe  
  13  0:18  Pylon  
  13  0:20  Probe  
  14  0:39  Probe, Forge  
  15  0:51  Probe  
  16  1:17  Pylon  
  16  1:40  Photon Cannon  
  16  1:44  Photon Cannon  
  16  1:53  Photon Cannon  
  16  2:00  Pylon  
  15  2:27  Probe  
  16  2:39  Probe  
  17  2:50  Nexus  
  17  2:55  Gateway  
  17  2:58  Probe, Pylon  
  18  3:01  Assimilator  
  18  3:05  Assimilator  
  18  3:10  Probe  
  19  3:22  Probe  
  19  3:23  Pylon  
  20  3:34  Probe  
  21  3:44  Photon Cannon x2  
  21  3:46  Probe  
  22  3:58  Probe  
  23  4:10  Probe  
  24  4:20  Cybernetics Core  
  24  4:22  Probe  
  24  4:25  Probe  
  25  4:34  Probe  
  25  4:37  Probe  
  27  4:38  Pylon  
  26  4:49  Probe  
  26  4:52  Pylon  
  26  4:59  Photon Cannon  
  26  5:00  Photon Cannon  
  26  5:01  Probe  
  27  5:11  Stargate  
  27  5:12  Stargate  
  27  5:13  Pylon  
  27  5:14  Probe  
  28  5:18  Photon Cannon  
  28  5:39  Photon Cannon x2  
  28  5:51  Pylon  
  28  6:00  Void Ray (Chrono Boost)  
  28  6:01  Void Ray (Chrono Boost)  
  28  6:05  Probe  
  37  6:17  Probe  
  38  6:30  Void Ray, Forge  
  38  6:34  Void Ray  
  46  7:17  Pylon  
  46  7:21  Pylon  
  46  7:23  Pylon  
  46  7:29  Void Ray (Chrono Boost)  
  50  7:40  Nexus  
  50  7:48  Void Ray (Chrono Boost)  
  54  8:10  Probe  
  54  8:12  Void Ray (Chrono Boost)  
  59  8:22  Probe  
  48  8:49  Void Ray  
  48  8:56  Probe x2  
  50  9:04  Void Ray  
  50  9:08  Probe x2  
  56  9:20  Probe x2  
  50  9:33  Probe, Assimilator  
  50  9:37  Assimilator  
  51  9:39  Gateway  
  51  9:41  Probe  
  51  9:43  Pylon  
  51  9:45  Probe  
  53  9:49  Fleet Beacon  
  53  10:04  Nexus  
  53  10:08  Pylon  
  53  10:12  Pylon  
  53  10:15  Phoenix  
  55  10:24  Phoenix  
  57  10:31  Photon Cannon  
  57  10:36  Photon Cannon  
  57  10:48  Carrier  
  62  11:03  Photon Cannon  
  62  11:10  Carrier  
  64  11:39  Probe  
  65  11:51  Probe  
  65  11:53  Carrier  
  71  12:03  Probe  
  72  12:10  Photon Cannon  
  72  12:13  Pylon  
  72  12:14  Carrier  
  72  12:15  Probe  
  79  12:24  Probe  
  79  12:27  Probe  
  81  12:39  Probe  
  82  12:51  Probe  
  82  12:54  Nexus  
  89  13:18  Probe  
Tags
 
Add a new tag
Caveats
  • Supply blocks, unpowered buildings, or Contaminate may cause inaccurate times.
  • Supply counts are checked every 10 seconds.